cohdb
Replays
Latest Replays
All Replays
Popular Replays
Top Player Replays
Match Explorer
How It Works
Community
CoH3 Stats
Reddit
Sign in to upload your games and track your stats! →
Sign in with Steam
Match 39851426
Unlisted
Match 39851426
Overview
Messages
Build Orders
End
Kradschützen Motorcycle Team
Selects Italian Infantry
Panzergrenadier Squad
Panzergrenadier Squad
Construct Light Support Kompanie
MG34 Team
Fire Support Elements
Assault Mechanized Group
Selects Guastatori Squad
Selects L6/40 Light Tank Combat Group
L6/40 Light Tank Combat Group
Pak 38 Anti-tank Gun Team
Construct Panzerarmee Kommand
Selects Defensive Operations
Selects Prepared Positions
Guastatori Squad
Armored Reserves
Selects Obice 305mm Barrage
Tiger Heavy Tank
Obice 305mm Barrage
Saueee
RINZLER
0
0
Comments
sign in to comment!
No comments posted yet!